 Dungeon Crawl Stone Soup version 0.19.3-4-gbf9329e (webtiles) character file.

247 sankara the Slasher (level 5, -1/47 HPs)
             Began as a Draconian Monk on Jan 27, 2017.
             Was a Believer of Okawaru.
             Slain by dscm's ghost (17 damage)
             ... on level 4 of the Dungeon.
             The game lasted 00:10:58 (4019 turns).

sankara the Slasher (Draconian Monk)                Turns: 4019, Time: 00:10:58

Health: -1/47      AC:  2    Str: 14    XL:     5   Next: 85%
Magic:  4/6        EV: 17    Int: 15    God:    Okawaru [**....]
Gold:   262        SH:  5    Dex: 14    Spells: 0 memorised, 4 levels left

rFire  . . .     SeeInvis .     s - +1 long sword
rCold  . . .     Gourm    .     (armour unavailable)
rNeg   + . .     Faith    .     e - +0 buckler
rPois  .         Spirit   .     (helmet restricted)
rElec  .         Reflect  .     (no cloak)
rCorr  .         Harm     .     (no gloves)
MR     .....                    (no boots)
Stlth  +++.......               (no amulet)
                                w - -3 ring of protection (curse)
                                p - ring of positive energy

@: brilliant, heroism
A: unfitting armour, cold-blooded, AC +5
a: Heroism, Renounce Religion


You were on level 4 of the Dungeon.
You worshipped Okawaru.
Okawaru was pleased with you.
You were not hungry.

You visited 1 branch of the dungeon, and saw 4 of its levels.

You collected 325 gold pieces.
You spent 63 gold pieces at shops.

Inventory:

Hand Weapons
 s - a +1 long sword (weapon)
Armour
 e - a +0 buckler (worn)
Jewellery
 p - a ring of positive energy (left hand)
 w - a cursed -3 ring of protection (right hand)
Wands
 l - a wand of confusion (48/48)
Scrolls
 c - a scroll of magic mapping
 h - 2 scrolls of identify
 q - a scroll of immolation
Potions
 t - a potion of curing
Comestibles
 b - 6 bread rations
 f - 7 fruits
 j - a meat ration
 n - a beef jerky
 v - 3 chunks of flesh


   Skills:
 + Level 4.7(9.7) Fighting
 + Level 4.9(9.9) Long Blades
 + Level 3.2(8.2) Dodging
 - Level 1.7(6.7) Stealth
 * Level 2.2 Invocations


You had 4 spell levels left.
You didn't know any spells.

Dungeon Overview and Level Annotations

Branches:
Dungeon (4/15)
 Temple: D:4-7

Altars:
Cheibriados
Okawaru
Qazlal

Shops:
D:4 [

Annotations:
D:4 dscm's ghost, amateur MiFi


Innate Abilities, Weirdness & Mutations

Your plain brown scales are hard. (AC +5)
You cannot fit into any form of body armour.
You are cold-blooded and may be slowed by cold attacks.


Message History

Dscm's ghost is lightly damaged.
Dscm's ghost barely misses you.
You slash dscm's ghost!
Dscm's ghost is moderately damaged.
Dscm's ghost hits you!
You hit dscm's ghost but do no damage.
Dscm's ghost is moderately damaged.
Dscm's ghost barely misses you.
You riposte.
You hit dscm's ghost but do no damage.
Dscm's ghost is moderately damaged.
You barely miss dscm's ghost.
Your tail-slap misses dscm's ghost.
Dscm's ghost is moderately damaged.
Dscm's ghost hits you!
You hit dscm's ghost but do no damage.
Dscm's ghost is moderately damaged.
Dscm's ghost misses you.
You hit dscm's ghost.
Dscm's ghost is moderately damaged.
Dscm's ghost hits you!
You die...

,,,,,,,,,,,,,,...,*
,,,,*'********..#** *****,*****
*#># *,,,,,,,,,** ##'#####
,,*******,,**#......#
,***_,_***,,_#......#
,,**,,,**,,###......#
*,,,,,,,,,##........#
####,,,####.....@...#
...##_*#........W...#############
....####............'...........#
......##............##########.##
....................+,,.,* #.#
....................#**#.* #.#
..............####'##**#.#####.#
#############.#***....##.......#
*,,,,,,....,,,.......<#####


You could see dscm's ghost.

Vanquished Creatures
  An orc priest (D:4)
  An orc wizard (D:3)
  11 adders
  An ooze (D:3)
  An adder skeleton (D:4)
  2 dart slugs
  2 worms
  A leopard gecko (D:2)
  9 orcs
  3 giant cockroaches
  6 goblins
  7 hobgoblins
  6 kobolds
  3 ball pythons
  5 bats
  5 frilled lizards
  7 rats
71 creatures vanquished.

Notes
Turn   | Place    | Note
-------+----------+-------------------------------------------
     0 | D:1      | sankara the Draconian Monk began the quest for the Orb.
     0 | D:1      | Reached XP level 1. HP: 19/19 MP: 1/1
   434 | D:1      | Reached XP level 2. HP: 26/26 MP: 2/2
  1332 | D:2      | Reached XP level 3. HP: 10/33 MP: 3/3
  1759 | D:2      | Found a stormy altar of Qazlal.
  1760 | D:2      | Found an iron altar of Okawaru.
  1764 | D:2      | Became a worshipper of Warmaster Okawaru
  1764 | D:2      | Reached * piety under Okawaru
  1764 | D:2      | Reached ** piety under Okawaru
  1810 | D:2      | Reached XP level 4. HP: 26/40 MP: 4/4
  2760 | D:3      | Reached skill level 1 in Invocations
  2760 | D:3      | Reached XP level 5. HP: 18/47 MP: 5/5
  3402 | D:4      | Found Ceasm's Armour Boutique.
  3725 | D:4      | Bought a +0 buckler for 63 gold pieces
  3817 | D:4      | Found a snail-covered altar of Cheibriados.
  4009 | D:4      | Noticed dscm's ghost (amateur MiFi)
  4019 | D:4      | Slain by dscm's ghost

Skill      XL: |  1  2  3  4  5 |
---------------+----------------+-----
Fighting       | 4 |  4.7
Long Blades    | 4 |  4.9
Invocations    | 1 2 |  2.2
Dodging        | 3 |  3.2
Stealth        | |  1.7

Action                   |  1- 3 |  4- 6 || total
-------------------------+-------+-------++-------
Melee: Falchion          |    99 |   127 ||   226
       Tailslap          |    15 |    16 ||    31
       Long sword        |       |     6 ||     6
Invok: Heroism           |       |     1 ||     1
  Use: Scroll            |       |    10 ||    10
       Potion            |       |     5 ||     5
 Stab: Sleeping          |     2 |     5 ||     7
       Invisible         |       |     4 ||     4
  Eat: Chunk             |     3 |     7 ||    10
Armor: Skin              |    18 |    34 ||    52
Dodge: Dodged            |    67 |    97 ||   164
Block: Buckler           |       |     3 ||     3
       Rpst.: Falchion   |    25 |    26 ||    51
       Long sword        |       |     1 ||     1
